 Dungeon Crawl Stone Soup version 0.20.1-1-g8b1a95d (webtiles) character file.

51 darkhara the Charmwright (level 3, -6/27 HPs)
             Began as a Vampire Skald on Sept 7, 2017.
             Mangled by a gnoll
             ... wielding a +0 spear
              (7 damage)
             ... on level 2 of the Dungeon.
             The game lasted 00:05:09 (1193 turns).

darkhara the Charmwright (Vampire Skald)            Turns: 1193, Time: 00:05:10

Health: -6/27      AC:  3    Str: 10    XL:     3   Next: 58%
Magic:  6/6        EV: 12    Int: 15    God:
Gold:   50         SH:  0    Dex: 14    Spells: 5/6 levels left

rFire    . . .     SeeInvis +   l - +2 dagger (venom)
rCold    . . .     Gourm    .   (no shield)
rNeg     + . .     Faith    .   b - +0 leather armour
rPois    .         Spirit   .   (no helmet)
rElec    .         Reflect  .   (no cloak)
rCorr    .         Harm     .   (no gloves)
MR       .....                  (no boots)
Stlth    +.........             (no amulet)
Regen    0.1/turn               (no ring)
MPRegen  0.1/turn               (no ring)

@: no status effects
A: fangs 3, see invisible, unbreathing
a: Bat Form


You were on level 2 of the Dungeon.
You were not thirsty.

You visited 1 branch of the dungeon, and saw 2 of its levels.

You collected 50 gold pieces.

Inventory:

Hand Weapons
 a - a +0 falchion
 i - a +0 spear
 l - a +2 dagger of venom (weapon)
 o - a +0 club
Missiles
 k - 12 poisoned needles (quivered)
 n - 23 stones
Armour
 b - a +0 leather armour (worn)
 j - a +0 ring mail
Scrolls
 h - a scroll of enchant weapon {unknown}
Potions
 d - a potion of blood
 e - a potion of curing
 g - a potion of brilliance {unknown}
 m - a potion of magic {unknown}
Books
 c - a book of Battle

   Spells                             Type                      Level
   a - Infusion                       Charms                       1
   b - Shroud of Golubria             Charms/Translocation         2
   c - Song of Slaying                Charms                       2
   d - Spectral Weapon                Hexes/Charms                 3
   e - Regeneration                   Charms/Necromancy            3
Comestibles
 f - a meat ration


   Skills:
 + Level 2.1 Fighting
 + Level 0.7(1.9) Short Blades
 + Level 2.4(2.5) Long Blades
 + Level 1.2 Armour
 + Level 2.4 Dodging
 + Level 2.1 Spellcasting
 + Level 3.8 Charms


You had 5 spell levels left.
You knew the following spells:

 Your Spells              Type           Power        Failure   Level  Hunger
a - Infusion              Chrm           ##..         6%          1    #......


Dungeon Overview and Level Annotations

Branches:
Dungeon (2/15)

Altars:
Kikubaaqudgha


Innate Abilities, Weirdness & Mutations

You have razor-sharp teeth.
You have supernaturally acute eyesight. (SInv)
You can survive without breathing.


Message History

The kobold throws a stone.
The stone closely misses you.
The kobold throws a stone.
The stone barely misses you.
There is an open door here.
The kobold throws a stone.
The stone misses you.
The kobold throws a stone.
The stone barely misses you.
There is an open door here.
You hit the kobold but do no damage.
The kobold is poisoned.
The kobold hits you but does no damage. The gnoll barely misses you.
You closely miss the kobold.
The gnoll hits you from afar with a halberd.
The kobold hits you with a short sword.
* * * LOW HITPOINT WARNING * * *
The gnoll hits you from afar with a spear.
* * * LOW HITPOINT WARNING * * *
You completely miss the kobold. Your bite misses the kobold.
The kobold is severely wounded.
The gnoll barely misses you. The kobold hits you but does no damage.
The gnoll misses you.
The gnoll hits you from afar with a spear!
You die...

#(# #.............#
#g#####..............
#g.K..'..(...........
#######..............
#..............
###########..............
#........................
#...........gg..........#
#...........##@##########
#...........##K.......#
#............g........##
#......................#
#......................#
############...........#
#.....##.(..# #####.#
....# #.# ....#


You could see 3 gnolls and a kobold.

Vanquished Creatures
  A gnoll (D:2)
  An adder (D:2)
  A leopard gecko (D:1)
  A ball python (D:1)
  A giant cockroach (D:2)
  7 goblins
  3 hobgoblins (D:2)
  3 jackals (D:1)
  2 kobolds
  A quokka (D:2)
  2 bats (D:1)
  2 frilled lizards
  4 rats
  A withered plant (D:2)
30 creatures vanquished.

Notes
Turn   | Place    | Note
-------+----------+-------------------------------------------
     0 | D:1      | darkhara the Vampire Skald began the quest for the Orb.
     0 | D:1      | Reached XP level 1. HP: 16/16 MP: 3/3
   201 | D:1      | Reached XP level 2. HP: 19/22 MP: 5/5
   593 | D:1      | Reached skill level 1 in Armour
   952 | D:2      | Found an ancient bone altar of Kikubaaqudgha.
   957 | D:2      | Reached XP level 3. HP: 22/27 MP: 6/6
  1192 | D:2      | HP: 1/27 [gnoll/spear (5)]
  1193 | D:2      | Mangled by a gnoll

Skill      XL: |  1  2 |
---------------+-------+-----
Fighting       | 2 |  2.1
Armour         | 1 |  1.2
Short Blades   | |  0.7
Long Blades    | |  2.4
Dodging        | |  2.4
Spellcasting   | |  2.1
Charms         | |  3.8

Action                   || total
-------------------------++-------
Melee: Falchion          ||    41
       Bite              ||    23
       Dagger            ||   105
 Cast: Infusion          ||     1
  Use: Scroll            ||     1
  Eat: Corpse            ||     1
Armor: Leather armour    ||    25
Dodge: Dodged            ||    67
       Rpst.: Falchion   ||     7
